Map: [ESL] Inside and Out

Players

MaxPax - Winner!

  • Race: Protoss Protoss
  • League: Grandmaster
  • Spawn Location: 7:00

Reynor

  • Race: Zerg Zerg
  • League: Master
  • Spawn Location: 1:00

VOD

Have the link to the VOD?

Description

Time

  • Played on: Nov. 4, 2022, 10:12 a.m.
  • Length: 7:55
Show
View Real Time Build Order
Export as new Build Order

MaxPax Protoss - Winner!

Build Orders: 1 Gate Expand, Mass Adepts 

Get SALT Encoding   

  12  0:00  Probe  
  13  0:12  Probe  
  14  0:17  Pylon  
  14  0:24  Probe (Chrono Boost)  
  15  0:36  Probe (Chrono Boost)  
  15  0:39  Gateway  
  16  0:45  Probe (Chrono Boost)  
  17  0:50  Assimilator  
  17  0:52  Probe  
  18  1:04  Probe  
  19  1:16  Probe  
  20  1:25  Cybernetics Core  
  20  1:35  Nexus  
  20  1:37  Probe  
  21  1:46  Pylon  
  21  1:49  Probe  
  21  1:54  Assimilator  
  22  2:01  Adept (Chrono Boost), Probe  
  22  2:05  Warp Gate  
  25  2:13  Probe  
  26  2:22  Adept (Chrono Boost)  
  26  2:26  Probe  
  29  2:32  Gateway  
  29  2:38  Probe  
  30  2:46  Stalker  
  32  2:51  Probe  
  32  2:52  Probe  
  34  2:59  Gateway  
  34  3:04  Probe  
  34  3:05  Probe  
  36  3:10  Twilight Council  
  36  3:16  Probe  
  36  3:17  Probe  
  36  3:28  Probe  
  36  3:29  Probe  
  36  3:34  Robotics Facility  
  36  3:39  Resonating Glaives (Chrono Boost)  
  36  3:40  Probe  
  36  3:41  Probe  
  38  3:43  Pylon  
  38  3:53  Adept x3  
  38  3:54  Probe x2  
  46  4:08  Gateway  
  46  4:09  Gateway  
  46  4:11  Gateway  
  46  4:15  Adept x3  
  54  4:28  Warp Prism (Chrono Boost)  
  54  4:32  Pylon  
  54  4:35  Pylon  
  54  4:50  Probe x2, Assimilator  
  54  4:51  Adept x3  
  62  5:02  Probe  
  62  5:06  Observer, Pylon  
  64  5:14  Adept x3  
  64  5:17  Pylon  
  70  5:24  Adept x3, Probe  
  70  5:25  Pylon  
  70  5:26  Probe  
  78  5:34  Pylon  
  74  5:43  Adept x3  
  72  5:53  Adept x3, Dark Shrine  
  72  6:06  Probe x2  
  66  6:11  Pylon  
  66  6:16  Adept x5  
  73  6:21  Adept  
  73  6:22  Probe  
  72  6:35  Assimilator  
  72  6:36  Stalker  
  72  6:38  Adept x4  
  82  6:41  Probe x2  
  67  7:05  Probe  
  67  7:06  Dark Templar x3  
  64  7:19  Probe  
  57  7:25  Dark Templar  
  57  7:27  Probe  
  57  7:29  Dark Templar  
  62  7:35  Probe  
  63  7:50  Nexus  
  63  7:51  Pylon  
Show
View Real Time Build Order
Export as new Build Order

Reynor Zerg 

Build Orders: Hatch First 

Get SALT Encoding   

  12  0:00  Drone  
  13  0:12  Overlord  
  13  0:16  Drone  
  14  0:30  Drone x2  
  16  0:36  Drone  
  17  0:51  Hatchery  
  17  0:55  Drone  
  17  0:58  Drone  
  18  1:09  Extractor  
  17  1:12  Spawning Pool  
  17  1:16  Drone  
  18  1:18  Drone  
  18  1:28  Drone  
  19  1:38  Drone  
  20  1:49  Overlord  
  20  1:58  Queen  
  22  2:02  Queen  
  22  2:03  Zergling x4  
  26  2:11  Drone  
  26  2:12  Metabolic Boost  
  26  2:14  Drone  
  28  2:24  Drone  
  28  2:28  Drone  
  30  2:36  Hatchery  
  29  2:37  Drone  
  29  2:43  Zergling x2  
  31  2:44  Zergling x2  
  31  2:49  Overlord  
  32  2:53  Queen  
  32  2:56  Zergling x2  
  35  2:59  Drone  
  36  3:09  Zergling x2  
  36  3:11  Overlord  
  36  3:12  Drone x2  
  38  3:13  Drone  
  38  3:18  Drone  
  39  3:24  Drone  
  38  3:28  Drone  
  38  3:33  Drone  
  38  3:35  Queen  
  38  3:39  Drone x2  
  42  3:42  Drone  
  42  3:43  Drone  
  42  3:47  Overlord  
  44  3:50  Drone  
  44  3:52  Drone  
  46  3:56  Drone  
  46  3:59  Drone  
  46  4:01  Drone  
  49  4:04  Drone x2  
  49  4:06  Roach Warren  
  49  4:08  Zergling x2  
  49  4:09  Zergling x2  
  51  4:11  Zergling x2  
  51  4:12  Zergling x2  
  51  4:15  Overlord  
  53  4:17  Zergling x2  
  53  4:20  Zergling x4  
  56  4:24  Queen  
  56  4:29  Zergling x4  
  60  4:33  Overlord  
  60  4:44  Overlord  
  60  4:48  Roach x5  
  60  4:52  Roach  
  72  4:54  Zergling x4  
  72  4:58  Extractor  
  73  5:01  Roach  
  73  5:02  Spore Crawler  
  73  5:03  Spore Crawler, Drone  
  73  5:04  Drone  
  73  5:05  Drone x3  
  73  5:06  Drone  
  79  5:12  Overlord  
  79  5:14  Drone  
  80  5:16  Drone  
  81  5:23  Overlord  
  81  5:24  Queen  
  81  5:26  Roach  
  85  5:29  Roach x2  
  85  5:33  Zergling x4  
  91  5:39  Zergling x4, Roach x2  
  91  5:40  Zergling x2  
  82  5:50  Drone x3  
  82  5:56  Drone x2  
  79  6:09  Drone  
  79  6:11  Drone  
  75  6:12  Drone  
  75  6:16  Drone  
  75  6:17  Drone  
  77  6:22  Drone  
  77  6:24  Drone  
  77  6:27  Drone  
  78  6:34  Roach x2  
  78  6:37  Roach x2  
  86  6:41  Drone  
  86  6:42  Drone  
  86  6:44  Overlord  
  88  6:52  Drone x5  
  88  6:53  Drone  
  89  6:57  Drone  
  82  7:03  Drone  
  82  7:05  Drone x2  
  81  7:09  Drone  
  81  7:11  Drone  
  83  7:15  Spore Crawler  
  83  7:20  Spore Crawler  
  83  7:21  Drone x2  
  83  7:23  Drone  
  84  7:30  Overlord  
Tags
 
Add a new tag
Caveats
  • Supply blocks, unpowered buildings, or Contaminate may cause inaccurate times.
  • Supply counts are checked every 10 seconds.